 Dungeon Crawl Stone Soup version 0.27-a0-1189-gb8eb6cee8e (webtiles) character file.

Game seed: 1168626116703965871

51 jasper the Magician (level 3, -1/24 HPs)
             Began as a Demonspawn Hedge Wizard on May 22, 2021.
             Slain by an orc
             ... wielding a +0 flail
              (8 damage)
             ... on level 4 of the Dungeon.
             The game lasted 00:03:52 (2074 turns).

jasper the Magician (Demonspawn Hedge Wizard)       Turns: 2074, Time: 00:03:52

Health: -1/24      AC:  5    Str: 10    XL:     3   Next: 58%
Magic:  3/8        EV: 11    Int: 16    God:
Gold:   35         SH:  0    Dex: 12    Spells: 3/10 levels left

rFire    . . .     SeeInvis .     - Unarmed
rCold    . . .     Faith    .   (no shield)
rNeg     . . .     Spirit   .   e - +0 leather armour
rPois    .         Reflect  .   g - +2 hat
rElec    .         Harm     .   (no cloak)
rCorr    .         Rampage  .   (no gloves)
Will     .....                  (no boots)
Stlth    ++........             (no amulet)
HPRegen  0.08/turn              (no ring)
MPRegen  0.11/turn              (no ring)

@: very slightly contaminated
A: claws 1, talons 1
a: no special abilities


You were on level 4 of the Dungeon.
You visited 1 branch of the dungeon, and saw 4 of its levels.

You collected 35 gold pieces.

Inventory:

Hand Weapons
 a - a +0 dagger
Missiles
 d - 91 stones
 j - 13 poisoned darts
Armour
 b - a +0 robe
 c - a +0 hat
 e - a +0 leather armour (worn)
 g - a +2 hat (worn)
Scrolls
 f - a scroll of fear {unknown}
Potions
 i - a potion of might {unknown}


   Skills:
 - Level 1.7 Dodging
 - Level 1.7 Stealth
 + Level 1.1 Unarmed Combat
 * Level 4.1 Spellcasting
 - Level 1.0 Conjurations
 - Level 1.0 Summonings
 - Level 0.8 Translocations


You had 3 spell levels left.
You knew the following spells:

 Your Spells              Type           Power      Damage    Failure   Level
a - Magic Dart            Conj           24%        1d4       16%         1
b - Blink                 Tloc           N/A        N/A       24%         2
c - Call Imp              Summ           6%         N/A       22%         2
d - Slow                  Hex            3%         N/A       34%         2

Your spell library contained the following spells:

 Spells                   Type           Power      Damage    Failure   Level
 Conjure Flame            Conj/Fire      4%         6-21      50%         3
 Mephitic Cloud           Conj/Pois/Air  4%         N/A       52%         3


Dungeon Overview and Level Annotations

Branches:
Dungeon (4/15)
 Temple: D:4-7

Altars:
Gozag

Shops:
D:2 (

Annotations:
D:3 1 runed translucent door, Crazy Yiuf, Grinder


Innate Abilities, Weirdness & Mutations

You have sharp fingernails.
You have sharp toenails.


Message History

You closely miss the orc. The orc barely misses you.
You barely miss the orc. The orc hits you with a +0 flail.
You take 3 damage, and have 10/24 hp.
Aiming: Magic Dart (safe; 16% risk of failure)
Press: ? - help, Q - select action, (/) - cycle Shift-Dir - straight line, f - orc
Aim: an orc, wielding a +0 flail (100% to hit)
The magic dart hits the orc.
The orc is lightly wounded.
The orc closely misses you.
You now have 7/8 mp.
Aiming: Magic Dart (safe; 16% risk of failure)
Press: ? - help, Q - select action, (/) - cycle Shift-Dir - straight line, f/p - orc
Aim: an orc, wielding a +0 flail (lightly wounded, 100% to hit)
The magic dart hits the orc.
The orc is moderately wounded.
The orc misses you.
You now have 6/8 mp.
Aiming: Magic Dart (safe; 16% risk of failure)
Press: ? - help, Q - select action, (/) - cycle Shift-Dir - straight line, f/p - orc
Aim: an orc, wielding a +0 flail (moderately wounded, 100% to hit)
You miscast Magic Dart.
You are very lightly contaminated with residual magic.
Nothing appears to happen.
The orc hits you with a +0 flail.
* * * LOW HITPOINT WARNING * * *
You take 3 damage, and have 7/24 hp.
You now have 5/8 mp.
Aiming: Magic Dart (safe; 16% risk of failure)
Press: ? - help, Q - select action, (/) - cycle Shift-Dir - straight line, f/p - orc
Aim: an orc, wielding a +0 flail (moderately wounded, 100% to hit)
The magic dart hits the orc.
The orc is moderately wounded.
The orc misses you.
You now have 4/8 mp.
Aiming: Magic Dart (safe; 16% risk of failure)
Press: ? - help, Q - select action, (/) - cycle Shift-Dir - straight line, f/p - orc
Aim: an orc, wielding a +0 flail (moderately wounded, 100% to hit)
The magic dart hits the orc.
The orc is almost dead.
The orc hits you with a +0 flail!
You die...

.........#
.........#
.........+
.........# .
.........# ...
.........##....
#...........
#..o@.......
#...........
#...).....#+
#.#.......#
#.+.......# #
#.......#
#.......#
....#####


You could see an orc.

Vanquished Creatures
  2 dart slugs
  A worm (D:2)
  An orc (D:3)
  7 endoplasms
  3 giant cockroaches
  3 goblins (D:1)
  3 hobgoblins
  3 quokkas
  4 ball pythons
  4 bats
  2 frilled lizards (D:1)
  3 kobolds (D:1)
  4 rats
40 creatures vanquished.

Vanquished Creatures (others)
  106 plants (D:1)
106 creatures vanquished.

Grand Total: 146 creatures vanquished

Notes
Turn   | Place    | Note
-------+----------+-------------------------------------------
     0 | D:1      | jasper the Demonspawn Hedge Wizard began the quest for the
                  | Orb.
     0 | D:1      | Reached XP level 1. HP: 13/13 MP: 4/4
   365 | D:1      | Gained mutation: You have sharp fingernails. [demonic
                  | ancestry]
   365 | D:1      | Reached XP level 2. HP: 19/19 MP: 0/6
   888 | D:1      | Found a faded altar of an unknown god.
  1112 | D:1      | Gained mutation: You have sharp toenails. [demonic
                  | ancestry]
  1112 | D:1      | Reached XP level 3. HP: 24/24 MP: 6/8
  1366 | D:2      | Learned a level 2 spell: Blink
  1369 | D:2      | Learned a level 2 spell: Call Imp
  1372 | D:2      | Learned a level 2 spell: Slow
  1461 | D:2      | Found Etypp's Antique Weapon Shoppe.
  1586 | D:2      | Reached skill level 4 in Spellcasting
  1718 | D:3      | Reached skill level 1 in Unarmed Combat
  1908 | D:3      | Noticed Grinder
  1928 | D:3      | Found a runed translucent door.
  1929 | D:3      | Noticed Crazy Yiuf
  1945 | D:3      | Found an opulent altar of Gozag.
  1946 | D:3      | Found an opulent altar of Gozag.
  2027 | D:3      | Found an opulent altar of Gozag.
  2074 | D:4      | Slain by an orc

Illustrated notes

Levels and vault maps discovered:
D:1:      roderic_crop_circles_arrival_small, layout_loops_ring,
          shapermc_ecumenical_altar_totnotflames, st_stairs_8
D:2:      layout_basic, serial_shops, shop, serial_glass, glass_columns_a,
          glass_columns_a, glass_columns_b, glass_columns_c, uniq_sigmund
D:3:      layout_basic, nicolae_gozag_conspicuous_consumption,
          kennysheep_generic_room_10, uniq_grinder, uniq_crazy_yiuf_cottage
D:4:      layout_basic, lemuel_doored_altar, portal_sewer_entry_f, uniq_duvessa

Skill      XL: |  1  2  3 |
---------------+----------+-----
Spellcasting   | 4 |  4.1
Unarmed Combat | 1 |  1.1
Dodging        | |  1.7
Stealth        | |  1.7
Conjurations   | |  1.0
Summonings     | |  1.0
Translocations | |  0.8

Action                   || total
-------------------------++-------
Melee: Dagger            ||    11
       Unarmed           ||    33
       Kick              ||     4
 Cast: Magic Dart        ||    99
  Use: Scroll            ||     1
       Potion            ||     1
Armor: Leather armour    ||    13
Dodge: Dodged            ||    36

Table legend: (Time is in decaauts)
 A = Elapsed time spent in this place.
 B = Non-inter-level travel time spent in this place.
 C = Inter-level travel time spent in this place.
 D = Time resting spent in this place.
 E = Time spent auto-exploring this place.
 F = Levels seen in this place.
 G = Mean time per level.
                   A        B        C        D        E       F      G
               +--------+--------+--------+--------+--------+-----+--------+
         Total |   2072 |   2011 |     61 |    184 |   1473 |   4 |  518.0 |
       Dungeon |   2072 |   2011 |     61 |    184 |   1473 |   4 |  518.0 |
               +--------+--------+--------+--------+--------+-----+--------+

Top non-repeatable levels by time:
     D:1: 1382 daAuts
     D:3: 415 daAuts
     D:2: 267 daAuts
     D:4: 7 daAuts
